 Dungeon Crawl Stone Soup version 0.31-a0-1202-ga8fea8b373 (webtiles) character file.

Game seed: 5773842880365082649

190 miskuzi the Magician (level 5, -1/28 HPs)
             Began as a Deep Elf Earth Elementalist on Dec 12, 2023.
             Was a Follower of Okawaru.
             Shot with an arrow by a centaur (9 damage)
             ... on level 4 of the Dungeon.
             The game lasted 00:15:36 (2995 turns).

miskuzi the Magician (Deep Elf Earth Elementalist)  Turns: 2995, Time: 00:15:37

Health: -1/28      AC:  4    Str:  5    XL:     5   Next: 41%
Magic:  4/13       EV: 11    Int: 22    God:    Okawaru [*.....]
Gold:   181        SH:  6    Dex: 15    Spells: 9/12 levels left

rFire   . . .        s - +3 dagger
rCold   . . .        q - +2 buckler "Cynis" {rElec rPois rN+ Will+}
rNeg    + . .        r - +0 leather armour
rPois   +            (no helmet)
rElec   +            h - +0 cloak
rCorr   .            (no gloves)
SInv    .            (no boots)
Will    +....        (no amulet)
Stlth   ++           (no ring)
HPRegen 0.24/turn    (no ring)
MPRegen 0.13/turn

%: no passive effects
@: no status effects
A: no striking features
a: Renounce Religion, Heroism


You were on level 4 of the Dungeon.
You worshipped Okawaru.
Okawaru was aware of your devotion.
You visited 1 branch of the dungeon, and saw 4 of its levels.

You collected 181 gold pieces.

Inventory:

Hand Weapons
 c - a +0 dagger
 s - a +3 dagger (weapon)
Missiles
 d - 3 poisoned darts
Armour
 a - a +0 robe
 h - a +0 cloak (worn)
 q - the +2 buckler "Cynis" (worn) {rElec rPois rN+ Will+}
   (You found it on level 2 of the Dungeon)

   rElec:     It insulates you from electricity.
   rPois:     It protects you from poison rN+: It protects you from negative
   energy.
   Will+:     It increases your willpower.
 r - a +0 leather armour (worn)
Jewellery
 k - an amulet of the acrobat
 u - a ring of positive energy
Scrolls
 f - 2 scrolls of identify
 g - a scroll of poison
 l - a scroll of immolation {unknown}
 n - 2 scrolls of blinking {unknown}
 o - a scroll of silence {unknown}
 p - a scroll of brand weapon {unknown}
 t - a scroll of teleportation {unknown}
 v - a scroll of enchant weapon {unknown}
Potions
 b - a potion of magic
 e - a potion of haste {unknown}
 j - a potion of degeneration {unknown}
 m - a potion of curing {unknown}


   Skills:
 + Level 3.8 Dodging
 + Level 3.9 Stealth
 + Level 4.2 Spellcasting
 + Level 2.6 Transmutations
 + Level 4.2 Earth Magic


You had 9 spell levels left.
You knew the following spells:

 Your Spells              Type           Power      Damage    Failure   Level
a - Sandblast             Erth           46%        2d11      6%          1
b - Passwall              Tmut/Erth      15%        N/A       13%         2

Your spell library contained the following spells:

 Spells                   Type           Power      Damage    Failure   Level
 Stone Arrow              Conj/Erth      26%        3d8       41%         3
 Lesser Beckoning         Tloc           8%         N/A       47%         2
 Static Discharge         Conj/Air       8%         3-4/arc   47%         2
 Petrify                  Tmut/Erth      19%        N/A       65%         4
 Gell's Gravitas          Tloc           4%         N/A       71%         3
 Teleport Other           Tloc           4%         N/A       71%         3
 Brom's Barrelling Bould  Conj/Erth      13%        2d4       82%         4
 Airstrike                Air            2%         2d(1-17)  98%         4
 Summon Lightning Spire   Summ/Air       Unusable   N/A       N/A         4

Dungeon Overview and Level Annotations

Branches:
Dungeon (4/15)
 Temple: D:4-7

Altars:
Okawaru


Message History

Press: ? - help, Shift-Dir - straight line, f - orc
Aim: an orc, wielding a +0 trident and wearing a +0 leather armour (83% to hit)
The blast of sand misses the orc.
The orc misses you.
Casting: Sandblast (safe; 6% risk of failure)
Confirm with . or Enter, or press ? or * to list all spells.
Aiming: Sandblast (safe; 6% risk of failure)
Press: ? - help, Shift-Dir - straight line, f/p - orc
Aim: an orc, wielding a +0 trident and wearing a +0 leather armour (83% to hit)
The blast of sand hits the orc.
The orc is lightly wounded.
The orc misses you.
The orc hits you from afar with a +0 trident.
Casting: Sandblast (safe; 6% risk of failure)
Confirm with . or Enter, or press ? or * to list all spells.
Aiming: Sandblast (safe; 6% risk of failure)
Press: ? - help, Shift-Dir - straight line, f/p - orc
Aim: an orc, wielding a +0 trident and wearing a +0 leather armour (lightly wounded, 83% to hit)
The blast of sand hits the orc but does no damage.
The orc is lightly wounded.
The orc hits you from afar with a +0 trident.
Unknown command.
Casting: Sandblast (safe; 6% risk of failure)
Confirm with . or Enter, or press ? or * to list all spells.
Aiming: Sandblast (safe; 6% risk of failure)
Press: ? - help, Shift-Dir - straight line, f/p - orc
Aim: an orc, wielding a +0 trident and wearing a +0 leather armour (83% to hit)
The blast of sand hits the orc!
You kill the orc!
Okawaru accepts your kill.
The centaur shoots an arrow.
The arrow hits you!
* * * LOW HITPOINT WARNING * * *
As you read the scroll labelled GUFEOSHR XOLAH, it dissolves into smoke.
It was a scroll of fog.
The centaur shoots an arrow.
The arrow completely misses you.
The centaur shoots an arrow.
The arrow closely misses you.
The centaur unwields a +0 shortbow.
You block the centaur's attack.
The centaur kicks you but does no damage.
The centaur wields a +0 shortbow.
The centaur shoots an arrow.
The arrow hits you!
You die...

... ..#. #.# #..#
# #.# #..# .# #<#
#..##..#
#.####.#..>##
#...........#
#########§##.#...
......§§§§§......
#####§§@##.####
#c### # #o# #)#
##.#######o#
..........)#
##.##...o.##
#.......#
#.##.....#


You could see a centaur.

Vanquished Creatures
  2 hounds
  4 gnolls (D:3)
  2 adders
  A dart slug (D:1)
  5 orcs
  5 ball pythons
  12 endoplasms
  2 giant cockroaches
  7 goblins
  4 hobgoblins
  2 quokkas (D:2)
  10 bats
  3 frilled lizards (D:2)
  6 kobolds
  5 rats
70 creatures vanquished.

Notes
Turn   | Place    | Note
-------+----------+-------------------------------------------
     0 | D:1      | miskuzi the Deep Elf Earth Elementalist began the quest for
                  | the Orb.
     0 | D:1      | Reached XP level 1. HP: 10/10 MP: 6/6
   119 | D:1      | Reached XP level 2. HP: 15/15 MP: 6/8
   464 | D:1      | Learned a level 2 spell: Passwall
   616 | D:1      | Reached XP level 3. HP: 14/19 MP: 7/9
  1816 | D:2      | Found a faded altar of an unknown god.
  1899 | D:2      | Prayed at the altar of an unknown god.
  1899 | D:2      | Became a worshipper of Warmaster Okawaru
  1899 | D:2      | Reached * piety under Okawaru
  1964 | D:2      | Reached XP level 4. HP: 23/24 MP: 6/11
  1968 | D:2      | Identified the +2 buckler "Cynis" {rElec rPois rN+ Will+}
  2430 | D:3      | Reached XP level 5. HP: 15/28 MP: 2/13
  2967 | D:4      | Noticed a centaur
  2995 | D:4      | Shot with an arrow by a centaur

Illustrated notes

Levels and vault maps discovered:
D:1:      dpeg_arrival_long_road, layout_basic, serial_curves, eino_curves_01,
          eino_curves_03, minmay_misc_feat_doors, minmay_tetromino_t2
D:2:      minmay_skewed_foursquare, layout_rooms,
          shapermc_ecumenical_altar_pompeii, chequers_serial_rivers_large_b
D:3:      layout_loops_ring
D:4:      layout_loops_ring, mainiacjoe_overflow_alcove_4

Skill      XL: |  1  2  3  4 |
---------------+-------------+-----
Stealth        | 3 |  3.9
Dodging        | 3 |  3.8
Transmutations | 2 |  2.6
Spellcasting   | 4 |  4.2
Earth Magic    | 4 |  4.2

Action                     |  1- 3 |  4- 6 || total
---------------------------+-------+-------++-------
  Melee: Dagger            |     6 |     5 ||    11
   Cast: Sandblast         |    73 |    39 ||   112
         Passwall          |       |     1 ||     1
 Invoke: Heroism           |     1 |     2 ||     3
    Use: Scroll            |     2 |     1 ||     3
   Stab: Sleeping          |     1 |       ||     1
 Armour: Robe              |    15 |     1 ||    16
         Leather armour    |       |    23 ||    23
  Dodge: Dodged            |    30 |    29 ||    59
  Block: Buckler           |       |    18 ||    18

Table legend: (Time is in decaauts)
 A = Elapsed time spent in this place.
 B = Non-inter-level travel time spent in this place.
 C = Inter-level travel time spent in this place.
 D = Time resting spent in this place.
 E = Time spent auto-exploring this place.
 F = Levels seen in this place.
 G = Mean time per level.
                   A        B        C        D        E       F      G
               +--------+--------+--------+--------+--------+-----+--------+
         Total |   3097 |   2988 |    109 |    135 |   1977 |   4 |  774.2 |
       Dungeon |   3097 |   2988 |    109 |    135 |   1977 |   4 |  774.2 |
               +--------+--------+--------+--------+--------+-----+--------+

Top non-repeatable levels by time:
     D:1: 1286 daAuts
     D:3: 901 daAuts
     D:2: 856 daAuts
     D:4: 53 daAuts
